 Dungeon Crawl Stone Soup version 0.29.1-1-gd02db69 (webtiles) character file.

Game seed: 378280367658294339

4300 Kel the Cleaver (level 10, 0/74 HPs)
             Began as a Demonspawn Gladiator on Mar 21, 2023.
             Was a Believer of Ashenzari.
             Slain by Urug
             ... wielding a +5 battleaxe
              (1 damage)
             ... on level 10 of the Dungeon.
             The game lasted 00:35:11 (9455 turns).

Kel the Cleaver (Demonspawn Gladiator)              Turns: 9455, Time: 00:35:12

Health: 0/74       AC: 14    Str: 20    XL:     10   Next: 11%
Magic:  10/10      EV: 10    Int:  9    God:    Ashenzari [**....]
Gold:   565        SH:  0    Dex: 14    Spells: 9/9 levels left

rFire   + . .      SeeInvis +   s - +8 hand axe "At What Cost Knowledge?" {freeze, +Blink rF+, Bglg, Melee} (curse)
rCold   . . .      Faith    .   (no shield)
rNeg    . . .      Spirit   .   a - +0 plate armour of Supernal Knowledge {Fort, Bglg} (curse)
rPois   +          Reflect  .   c - +0 helmet "Altruism of Ashenzari" {Alch, Melee} (curse)
rElec   .          Harm     .   h - +0 cloak
rCorr   .          Rampage  .   (no gloves)
Will    +....                   (no boots)
Stlth   ..........              (no amulet)
HPRegen 0.22/turn               G - ring of poison resistance
MPRegen 0.12/turn               p - ring of willpower

@: mighty
A: spiny 1, sturdy frame 2, weakness stinger 1
a: Renounce Religion, Evoke Blink, Shatter the Chains


You were on level 10 of the Dungeon.
You worshipped Ashenzari.
Ashenzari was pleased with you.
You visited 2 branches of the dungeon, and saw 11 of its levels.

You collected 565 gold pieces.

Inventory:

Hand Weapons
 k - a +0 battleaxe
 s - the cursed +8 hand axe "At What Cost Knowledge?" (weapon) {freeze, +Blink rF+, Bglg, Melee}
   (You found it on level 3 of the Dungeon)

   It freezes those it strikes, dealing additional cold damage.
   It can also slow down cold-blooded creatures.
   rF:        It protects you from fire.
   +Blink:    It lets you blink.
   It has a curse which improves the following skills: Beguiling: Conjurations,
   Hexes and Translocations.
   Melee Combat: Short Blades, Long Blades, Axes, Maces & Flails, Polearms,
   Staves and Unarmed Combat.
 L - the +10 spear "Ifuqec" {flame, rF+ Dex+5}
   (You found it on level 5 of the Dungeon)

   It burns those it strikes, dealing additional fire damage.
   Dex:       It affects your dexterity (+5).
   rF:        It protects you from fire.
Missiles
 d - 3 throwing nets (quivered)
 e - 5 javelins
Armour
 a - the cursed +0 plate armour of Supernal Knowledge (worn) {Fort, Bglg}
   (You found it on level 3 of the Dungeon)

   It has a curse which improves the following skills: Fortitude: Armour and
   Shields.
   Beguiling: Conjurations, Hexes and Translocations.
 c - the cursed +0 helmet "Altruism of Ashenzari" (worn) {Alch, Melee}

   It has a curse which improves the following skills: Alchemy: Poison Magic and
   Transmutations.
   Melee Combat: Short Blades, Long Blades, Axes, Maces & Flails, Polearms,
   Staves and Unarmed Combat.
 h - a +0 cloak (worn)
Jewellery
 n - an amulet of faith
 p - a ring of willpower (right hand)
 G - a ring of poison resistance (left hand)
Wands
 g - a wand of polymorph (1)
 v - a wand of mindburst (2)
 E - a wand of flame (2)
 J - a wand of paralysis (10)
Scrolls
 b - a scroll of enchant armour
 f - 3 scrolls of enchant weapon
 i - a scroll of amnesia
 j - a scroll of identify
 q - 2 scrolls of immolation
 y - a scroll of brand weapon
 z - 2 scrolls of teleportation
 B - 2 scrolls of magic mapping
 C - a scroll of fear
 D - a scroll of blinking
 I - a scroll of silence
 K - 3 scrolls of torment
Potions
 l - 2 potions of ambrosia
 m - 4 potions of lignification
 o - a potion of attraction
 t - a potion of heal wounds
 w - 2 potions of brilliance
 x - a potion of flight
 A - 3 potions of mutation
 H - a potion of berserk rage


   Skills:
 + Level 5.0 Fighting
 + Level 10.8(12.7) Axes
 - Level 1.7 Throwing
 + Level 4.0(5.2) Armour
 + Level 5.0 Dodging
 - Level 4.2 Evocations


You had 9 spell levels left.
You didn't know any spells.
Your spell library contained the following spells:

 Spells                   Type           Power      Damage    Failure   Level
 Apportation              Tloc           0%         N/A       95%         1
 Shock                    Conj/Air       0%         1d3       95%         1
 Blink                    Tloc           0%         N/A       99%         2
 Ensorcelled Hibernation  Hex/Ice        0%         N/A       99%         2
 Sublimation of Blood     Necr           0%         N/A       99%         2
 Conjure Flame            Conj/Fire      0%         6-21      100%        3
 Dazzling Flash           Conj/Hex       0%         N/A       100%        3
 Gell's Gravitas          Tloc           0%         N/A       100%        3
 Ignite Poison            Fire/Tmut/Pois 0%         N/A       100%        3
 Inner Flame              Hex/Fire       0%         N/A       100%        3
 Lesser Beckoning         Tloc           0%         N/A       100%        3
 Mephitic Cloud           Conj/Pois/Air  0%         N/A       100%        3
 Ozocubu's Armour         Ice            0%         N/A       100%        3
 Spider Form              Tmut/Pois      0%         N/A       100%        3
 Teleport Other           Tloc           0%         N/A       100%        3
 Anguish                  Hex/Necr       0%         N/A       100%        4
 Cause Fear               Hex            0%         N/A       100%        4
 Ice Form                 Ice/Tmut       0%         N/A       100%        4
 Petrify                  Tmut/Erth      0%         N/A       100%        4
 Sticky Flame             Conj/Fire      0%         2d3       100%        4
 Summon Ice Beast         Ice/Summ       0%         N/A       100%        4
 Alistair's Intoxication  Tmut/Pois      0%         N/A       100%        5
 Fireball                 Conj/Fire      0%         3d3       100%        5
 Freezing Cloud           Conj/Ice/Air   0%         6-21      100%        5
 Irradiate                Conj/Tmut      0%         3d11      100%        5
 Iskenderun's Battlesphe  Conj           0%         2d6       100%        5
 Manifold Assault         Tloc           0%         N/A       100%        5
 Metabolic Englaciation   Hex/Ice        0%         N/A       100%        5
 Summon Mana Viper        Hex/Summ       0%         N/A       100%        5
 Conjure Ball Lightning   Conj/Air       0%         3x3d6     100%        6
 Simulacrum               Ice/Necr       0%         N/A       100%        6
 Monstrous Menagerie      Summ           0%         N/A       100%        7
 Orb of Destruction       Conj           0%         9d5       100%        7
 Storm Form               Tmut/Air       0%         N/A       100%        7
 Discord                  Hex            0%         N/A       100%        8


Dungeon Overview and Level Annotations

Branches:
Dungeon (10/15)            Temple (1/1) D:4            Lair (0/5) D:9
    Orc: D:9-12

Altars:
Ashenzari
Cheibriados
Dithmenos
Fedhas
Gozag
Hepliaklqana
Kikubaaqudgha
Makhleb
Nemelex Xobeh
Okawaru
Qazlal
Ru
Sif Muna
Trog
Uskayaw
Vehumet
Wu Jian
Xom
Yredelemnul

Shops:
D:5 :

Annotations:
D:10 Urug


Innate Abilities, Weirdness & Mutations

You are partially covered in sharp spines.
Your movements are less encumbered by armour. (ER -4)
You have a small tail.


Message History

Found 3 stones.
t - a potion of heal wounds
Found an ancient bone altar of Kikubaaqudgha.
There is an ancient bone altar of Kikubaaqudgha here.
Done exploring.
Done exploring.
(D) Dungeon (T) Temple (L) Lair
Where to? (Enter - D:8, ? - help)
You see here 3 stones.
There is a stone staircase leading down here.
You climb downwards.
Found 7 stones.
There is a stone staircase leading up here.
Urug the Orcish Ballista comes into view.
She is wielding a +5 battleaxe.
Press: ? - help, v - describe, . - travel
Here: Urug, wielding a +5 battleaxe, wearing a +0 scale mail and quivering javelins The floor.
Urug throws a javelin.
The javelin pierces through you!
Okay, then.
Press: ? - help, . - travel You can't see that place. [the floor.]
You feel very mighty all of a sudden. Urug hits you with a +5 battleaxe!!
You hit Urug. You freeze Urug.
Your tail-slap misses Urug.
Urug is lightly wounded.
You slash Urug! You freeze Urug.
Your tail-slap misses Urug.
Urug is moderately wounded.
Urug is struck by your spines. Urug hits you with a +5 battleaxe!!
* * * LOW HITPOINT WARNING * * *
You slash Urug! You freeze Urug.
Urug is heavily wounded.
Urug hits you with a +5 battleaxe!
* * * LOW HITPOINT WARNING * * *
You barely miss Urug.
Your tail-slap misses Urug.
Urug is heavily wounded.
You barely miss Urug.
Urug is heavily wounded.
Urug hits you with a +5 battleaxe.
You die...

, , , , , ,, , , , , * *
** , * ** ** ###, , ,,,
,, , ,, ... ,, ^, , , *
#.# ** , #.# #.# * ,
#########@###########..
,
,......$.o..............
,,
...............<.....(.
,
#############..#######.
* ** *######..######## ,
, ............≈≈≈≈
,..#########≈≈≈≈≈ , ** *
***,,* ,~ +#≈ * , *, ~~


You could see Urug.

Vanquished Creatures
  Maurice (D:9)
  Prince Ribbit (D:7)
  Sigmund (D:4)
  6 yaks
  Menkaure (D:4)
  A water moccasin (D:7)
  An ice beast (D:6)
  2 orc warriors
  A centaur (D:6)
  A phantom (D:6)
  A kobold brigand (D:7)
  A necrophage (D:6)
  3 bullfrogs
  6 scorpions
  3 wights (D:8)
  9 killer bees
  2 howler monkeys
  6 orc priests
  2 iguanas
  7 orc wizards
  4 adders
  2 gnolls (D:9)
  A white imp (D:7)
  3 ufetubi (D:6)
  2 worms (D:2)
  2 dart slugs
  25 orcs
  9 endoplasms
  6 giant cockroaches
  6 goblins
  7 hobgoblins
  2 quokkas
  7 ball pythons
  6 bats
  3 frilled lizards (D:1)
  14 kobolds
  6 rats
161 creatures vanquished.

Vanquished Creatures (collateral kills)
  A kobold brigand (D:9)
  A gnoll sergeant (D:9)
  3 gnolls (D:9)
  7 kobolds (D:9)
12 creatures vanquished.

Grand Total: 173 creatures vanquished

Notes
Turn   | Place    | Note
-------+----------+-------------------------------------------
     0 | D:1      | Kel the Demonspawn Gladiator began the quest for the Orb.
     0 | D:1      | Reached XP level 1. HP: 16/16 MP: 1/1
    22 | D:1      | Reached skill level 3 in Axes
   348 | D:1      | Gained mutation: Your movements are slightly less
                  | encumbered by armour. (ER -2) [demonic ancestry]
   348 | D:1      | Reached XP level 2. HP: 21/22 MP: 2/2
   462 | D:1      | Found a faded altar of an unknown god.
   886 | D:1      | Gained mutation: You are partially covered in sharp spines.
                  | [demonic ancestry]
   886 | D:1      | Reached XP level 3. HP: 23/27 MP: 3/3
  1012 | D:2      | Reached skill level 4 in Axes
  1503 | D:2      | Found a radiant altar of Vehumet.
  1589 | D:2      | Reached XP level 4. HP: 27/33 MP: 4/4
  2029 | D:3      | Identified the +8 hand axe "Tormentor" {freeze, +Blink rF+}
  2111 | D:3      | Got the Tractate on the Injurious Iceberg
  2275 | D:4      | Noticed Menkaure
  2795 | D:4      | Found a staircase to the Ecumenical Temple.
  2861 | D:4      | Noticed a scorpion
  2867 | D:4      | Killed a scorpion
  2868 | D:4      | Reached skill level 5 in Axes
  2868 | D:4      | Reached skill level 1 in Evocations
  2868 | D:4      | Gained mutation: You have a small tail. [demonic ancestry]
  2868 | D:4      | Reached XP level 5. HP: 38/38 MP: 5/5
  2941 | D:4      | Killed Menkaure
  2942 | D:4      | Reached XP level 6. HP: 10/44 MP: 6/6
  3218 | D:4      | Noticed Sigmund
  3238 | D:4      | Killed Sigmund
  3239 | D:4      | Reached skill level 6 in Axes
  3407 | D:4      | Reached XP level 7. HP: 50/50 MP: 7/7
  3611 | D:5      | Entered Level 5 of the Dungeon
  3913 | D:5      | Found Feggyath's Book Shop.
  3976 | D:5      | Identified the +10 spear "Ifuqec" {flame, rF+ Dex+5}
  4179 | D:5      | Reached skill level 7 in Axes
  4485 | Temple   | Entered the Ecumenical Temple
  4672 | Temple   | Became a worshipper of Ashenzari the Shackled
  4925 | D:6      | Reached XP level 8. HP: 56/56 MP: 8/8
  5010 | D:6      | Reached skill level 8 in Axes
  5089 | D:6      | Noticed a two-headed ogre
  5911 | D:6      | Reached skill level 9 in Axes
  6614 | D:7      | Reached skill level 10 in Axes
  6683 | D:7      | Noticed Prince Ribbit
  6697 | D:7      | Killed Prince Ribbit
  6698 | D:7      | Reached skill level 1 in Armour
  6698 | D:7      | Gained mutation: Your movements are less encumbered by
                  | armour. (ER -4) [demonic ancestry]
  6698 | D:7      | Reached XP level 9. HP: 3/62 MP: 7/9
  7682 | D:8      | Found a sacrificial altar of Ru.
  7685 | D:8      | Found a snail-covered altar of Cheibriados.
  7685 | D:8      | Found an opulent altar of Gozag.
  7688 | D:8      | Found a radiant altar of Vehumet.
  7688 | D:8      | Found a stormy altar of Qazlal.
  7688 | D:8      | Found an ornate altar of the Wu Jian Council.
  7688 | D:8      | Found an iron altar of Okawaru.
  7702 | D:8      | Found a hide-covered altar of Uskayaw.
  7730 | D:8      | Noticed an eight-headed hydra
  8292 | D:8      | HP: 2/66 [orc priest/+0 short sword (2)]
  8640 | D:8      | Reached * piety under Ashenzari
  8764 | D:9      | Reached XP level 10. HP: 22/73 MP: 10/10
  9119 | D:9      | Noticed Maurice
  9131 | D:9      | Killed Maurice
  9132 | D:9      | Reached skill level 5 in Fighting
  9132 | D:9      | Reached skill level 5 in Dodging
  9223 | D:9      | Reached ** piety under Ashenzari
  9239 | D:9      | Found a staircase to the Lair.
  9404 | D:9      | Found an ancient bone altar of Kikubaaqudgha.
  9428 | D:10     | Entered Level 10 of the Dungeon
  9441 | D:10     | Noticed Urug
  9453 | D:10     | HP: 1/74 [Urug/+5 battleaxe (14)]
  9455 | D:10     | Slain by Urug

Illustrated notes

Levels and vault maps discovered:
D:1:      ebering_trefoil_twist, layout_basic,
          hellmonk_ecumenical_altar_pennies_from_heaven
D:2:      layout_basic, basic_altar, glass_columns_b
D:3:      layout_basic, minmay_goblin_kobold_house
D:4:      layout_cave_pools, minmay_temple_entry_mist, gup_sewer_entry_glass,
          uniq_menkaure, uniq_sigmund
D:5:      layout_cave_pools, serial_shops, shop
D:6:      minmay_chambers_of_fours, layout_basic
D:7:      layout_basic, uniq_prince_ribbit1
D:8:      layout_gridville, grunt_temple_overflow_open
D:9:      layout_basic, nicolae_kikubaaqudgha_miasma_corner, lair_entry_dummy,
          uniq_maurice
D:10:     layout_long_grid, grunt_ministairs_10, reono_crystal_passage,
          water_boxes_lemuel, uniq_urug
Temple:   nicolae_temple_bog_church

Skill      XL: |  1  2  3  4  5  6  7  8  9 10 |
---------------+-------------------------------+-----
Axes           | 3 4 5 6 7 10 | 10.8
Evocations     | 1 3 4 |  4.2
Armour         | 1 3 4 |  4.0
Dodging        | 3 4 5 |  5.0
Fighting       | 4 5 |  5.0
Throwing       | |  1.7

Action                   |  1- 3 |  4- 6 |  7- 9 | 10-12 || total
-------------------------+-------+-------+-------+-------++-------
Melee: War axe           |    78 |    14 |       |       ||    92
       Hand axe          |       |    46 |   198 |    11 ||   255
       Tailslap          |       |     3 |    26 |     2 ||    31
       Punch             |       |       |     3 |       ||     3
Invok: Curse Item        |       |       |     2 |     1 ||     3
 Abil: Evoke Blink       |       |       |     4 |       ||     4
Evoke: Wand              |       |       |     4 |     3 ||     7
  Use: Scroll            |       |       |    13 |       ||    13
       Potion            |       |       |     6 |     1 ||     7
Armor: Leather armour    |    15 |       |       |       ||    15
       Ring mail         |    11 |     5 |       |       ||    16
       Plate armour      |       |    17 |   107 |     2 ||   126
Dodge: Dodged            |    53 |    24 |    63 |       ||   140
